AoeStats
← mrsoysal

Arena

510403737Analyzed
4v4 RM · 1d ago on Sep 30, 2026· 40m 54s· 8 players
Game mode
Random Map
Map size
Large (8 player)
Population
200
Speed
Normal
Resources
Standard
Victory
Conquest
Starting age
Dark Age
Ending age
Imperial Age
RankedLock teamsTeams togetherTeam positionsShared explorationLock speedFull tech treeHidden civsTurbo modeCheats
Victory
Defeat
🇪🇸 Cumans · Spain
1237
+9
🇨🇴 Goths · Colombia
1154
+12
🇨🇱 Danes · Chile
1031
+17
🇺🇸 Bohemians · United States
946
+19
🇨🇴 Turks · Colombia
1092
-16
🇦🇷 Slavs · Argentina
1069
-15
🇹🇷 Koreans · Türkiye
1023
-13
🇧🇷 Lithuanians · Brazil
1014
-13
fede_400
11:25 Feudal Age
16:19 Castle Age
15:04 Horse Collar
16:36 Double-Bit Axe
23:01 Wheelbarrow
23:45 Forging
24:08 Town Watch
25:24 Hand Cart
30:57 Imperial Age
29:34 Scale Barding Armor
30:05 Iron Casting
29:44 Bloodlines
29:34 Husbandry
30:40 Gold Mining
32:06 Gold Shaft Mining
32:23 Conscription
32:48 Chain Barding Armor
34:48 Plate Barding Armor
35:07 Pikeman
37:09 Blast Furnace
38:37 Halberdier
juanchoc1107
10:59 Feudal Age
11:07 Loom
14:49 Castle Age
12:57 Double-Bit Axe
27:00 Wheelbarrow
31:19 Imperial Age
29:25 Fletching
29:50 Bow Saw
29:39 Gold Mining
30:02 Padded Archer Armor
30:02 Horse Collar
30:33 Fortified Wall
31:52 Hand Cart
32:00 Bodkin Arrow
32:21 Leather Archer Armor
32:49 Gold Shaft Mining
34:10 Bracer
35:45 Ring Archer Armor
38:44 Forging
38:40 Scale Barding Armor
40:40 Two-Man Saw
41:37 Iron Casting
41:07 Husbandry
King Diamond_44
10:39 Feudal Age
15:55 Castle Age
14:04 Horse Collar
14:40 Double-Bit Axe
15:08 Gold Mining
17:00 Wheelbarrow
23:34 Loom
25:24 Bloodlines
25:15 Husbandry
25:42 Scale Barding Armor
26:16 Forging
26:25 Heavy Plow
26:41 Bow Saw
28:43 Chain Barding Armor
29:46 Hand Cart
30:45 Light Cavalry
34:25 Imperial Age
31:42 Treadmill Crane
33:21 Iron Casting
33:23 Stone Mining
33:48 Masonry
34:00 Ballistics
34:52 Cavalier
36:40 Crop Rotation
37:14 Two-Man Saw
36:51 Plate Barding Armor
36:07 Fletching
36:17 Padded Archer Armor
36:27 Crossbowman
37:13 Thumb Ring
38:47 Elite Skirmisher
mrsoysal
0:36 Loom
8:23 Feudal Age
21:17 Castle Age
19:17 Double-Bit Axe
19:26 Horse Collar
20:06 Gold Mining
20:10 Stone Mining
26:11 Fletching
27:00 Ballistics
28:03 Bodkin Arrow
29:33 Bow Saw
37:53 Stone Shaft Mining
40:53 Imperial Age
Shermanugus
5:26 Loom
9:29 Feudal Age
15:31 Castle Age
14:15 Double-Bit Axe
14:16 Horse Collar
18:08 Bow Saw
24:18 Pikeman
25:39 Squires
25:46 Scale Mail Armor
26:23 Fortified Wall
29:41 Imperial Age
29:04 Wagenburg Tactics
30:05 Wheelbarrow
29:15 Town Watch
29:50 Arson
31:41 Chemistry
31:21 Conscription
30:56 Halberdier
32:16 Chain Mail Armor
34:17 Ballistics
36:33 Plate Mail Armor
36:13 Forging
39:09 Elite Skirmisher
40:37 Murder Holes
40:29 Arrowslits
40:55 Fletching
jaiderreyes4
3:03 Loom
10:31 Feudal Age
10:36 Feudal Age
12:49 Double-Bit Axe
15:07 Castle Age
13:27 Horse Collar
16:40 Bow Saw
23:14 Wheelbarrow
22:48 Gold Mining
22:48 Stone Mining
24:24 Stone Mining
25:41 Hand Cart
25:11 Loom
31:29 Imperial Age
29:38 Forging
29:28 Scale Mail Armor
31:14 Iron Casting
31:56 Chain Mail Armor
31:54 Squires
31:54 Pikeman
32:50 Anarchy
34:05 Chemistry
33:26 Ballistics
34:08 Blast Furnace
33:21 Perfusion
34:39 Two-Man Saw
33:41 Heavy Plow
34:14 Halberdier
35:42 Fletching
35:52 Padded Archer Armor
39:12 Elite Huskarl
CanarioAOE
8:57 Feudal Age
10:46 Double-Bit Axe
13:53 Horse Collar
20:50 Castle Age
19:30 Stone Mining
19:32 Gold Mining
21:55 Scale Barding Armor
23:36 Bloodlines
23:23 Loom
25:26 Wheelbarrow
25:14 Bow Saw
24:56 Light Cavalry
30:38 Hand Cart
31:11 Chain Barding Armor
30:44 Fletching
30:56 Padded Archer Armor
31:08 Forging
31:39 Gold Shaft Mining
31:06 Heavy Plow
35:13 Imperial Age
32:32 Town Watch
33:10 Ballistics
32:27 Capped Ram
36:21 Cavalier
36:22 Hussar
38:03 Siege Ram
38:09 Elite Skirmisher
39:52 Chemistry
39:03 Masonry
40:00 Two-Man Saw
38:54 Paladin
40:16 Conscription
Clifordino
10:05 Feudal Age
15:26 Castle Age
14:17 Double-Bit Axe
23:42 Arson
24:46 Scale Mail Armor
27:42 Forging
27:18 Loom
29:22 Chain Mail Armor
30:11 Horse Collar
31:30 Squires
35:40 Imperial Age
34:06 Hamask
36:59 Plate Mail Armor
39:55 Wheelbarrow
40:03 Iron Casting
41:00 Heavy Plow
Connection lost

Rejoining the realm…

Still unreachable

The connection could not be restored.

Session expired

The server has moved on; the page needs a fresh start.